 Dungeon Crawl Stone Soup version 0.27-a0-1084-g78b3836a5f (webtiles) character file.

Game seed: 9524447618757837154

7 scammafunk the Firebug (level 1, 0/10 HPs)
             Began as a Deep Elf Fire Elementalist on Apr 27, 2021.
             Was a Believer of Jiyva.
             Slain by a quokka (1 damage)
             ... on level 2 of the Dungeon.
             The game lasted 00:03:07 (594 turns).

scammafunk the Firebug (Deep Elf Fire Elementalist)  Turns: 594, Time: 00:03:08

Health: 0/10       AC:  2    Str: 12    XL:     1   Next: 83%
Magic:  6/6        EV: 12    Int: 19    God:    Jiyva [**....]
Gold:   23         SH:  0    Dex: 14    Spells: 5/6 levels left

rFire    . . .     SeeInvis .   (no weapon)
rCold    . . .     Faith    .   (no shield)
rNeg     . . .     Spirit   .   a - +0 robe
rPois    .         Reflect  .   (no helmet)
rElec    .         Harm     .   (no cloak)
rCorr    .         Rampage  .   (no gloves)
Will     .....                  (no boots)
Stlth    ++........             (no amulet)
HPRegen  0.03/turn              d - +6 ring of strength
MPRegen  0.10/turn              (no ring)

@: no status effects
A: no striking features
a: Renounce Religion, Request Jelly


You were on level 2 of the Dungeon.
You worshipped Jiyva.
Jiyva was pleased with you.
You visited 1 branch of the dungeon, and saw 2 of its levels.

You collected 23 gold pieces.

Inventory:

Armour
 a - a +0 robe (worn)
Jewellery
 d - a +6 ring of strength (left hand)
Potions
 b - 2 potions of resistance {unknown}


   Skills:
 - Level 2.5 Dodging
 - Level 2.4 Stealth
 + Level 3.2 Spellcasting
 + Level 1.3 Conjurations
 + Level 3.4 Fire Magic


You had 5 spell levels left.
You knew the following spells:

 Your Spells              Type           Power      Damage    Failure   Level
a - Foxfire               Conj/Fire      48%        2x1d6     5%          1

Your spell library contained the following spells:

 Spells                   Type           Power      Damage    Failure   Level
 Conjure Flame            Conj/Fire      12%        6-21      17%         3
 Inner Flame              Hex/Fire       9%         N/A       22%         3
 Confusing Touch          Hex            3%         N/A       41%         3
 Gell's Gravitas          Tloc           1%         N/A       41%         3
 Sticky Flame             Conj/Fire      12%        2d4       50%         4
 Petrify                  Tmut/Erth      3%         N/A       83%         4
 Fireball                 Conj/Fire      6%         3d5       83%         5
 Metabolic Englaciation   Hex/Ice        1%         N/A       99%         5
 Yara's Violent Unravell  Hex/Tmut       1%         3d3       99%         5


Dungeon Overview and Level Annotations

Branches:
Dungeon (2/15)

Altars:
Jiyva


Message History

You kill the rat!
You see here a rat corpse.
You see here a rat corpse.
You hear a distant slurping noise.
Jiyva says: Divide and consume!
You hear a distant slurping noise.
Jiyva appreciates your sacrifice.
You hear a distant slurping noise.
Jiyva appreciates your sacrifice.
Jiyva gurgles merrily.
Jiyva's power touches on your attributes.
You feel stronger.
You feel clumsy.
You hear a distant slurping noise.
Jiyva appreciates your sacrifice.
HP restored.
You hear a distant slurping noise.
A quokka comes into view.
Found 11 gold pieces.
A quokka is nearby!
You hear a distant slurping noise.
A goblin comes into view. It is wielding a +0 club.
You hear a distant slurping noise.
The quokka bites you.
You see here 11 gold pieces.
You barely miss the quokka.
The quokka bites you but does no damage.
You hit the quokka but do no damage. The quokka bites you.
Ouch! That really hurt!
* * * LOW HITPOINT WARNING * * *
You are too injured to fight recklessly!
You are too injured to fight recklessly!
You hear a distant slurping noise.
Jiyva appreciates your sacrifice. The quokka misses you.
The quokka completely misses you.
You hear a distant slurping noise.
You hear a distant slurping noise.
The quokka bites you.
You die...

#.....#.# ...
#$....g.. #...
##.###.#.# #..#.
#.g# #.. #...#.#
##>. ##.##.### ...
#......#
#.######.#.#
#.@r...g.#.#
##########.# #.#
#.# ### #.# #§§
.########.######.#
........†........#
##################


You could see a quokka and a goblin.

Vanquished Creatures
  A bat (D:1)
  A giant cockroach (D:1)
  A goblin (D:1)
  A kobold (D:1)
  3 rats
7 creatures vanquished.

Vanquished Creatures (others)
  2 giant cockroaches (D:2)
  A goblin (D:1)
  2 jackals (D:2)
  2 kobolds (D:1)
  37 foxfires (D:1)
44 creatures vanquished.

Grand Total: 51 creatures vanquished

Notes
Turn   | Place    | Note
-------+----------+-------------------------------------------
     0 | D:1      | scammafunk the Deep Elf Fire Elementalist began the quest
                  | for the Orb.
     0 | D:1      | Reached XP level 1. HP: 10/10 MP: 6/6
    48 | D:1      | Found a faded altar of an unknown god.
    63 | D:1      | Became a worshipper of Jiyva Jaroenua the Shapeless
    63 | D:1      | Reached * piety under Jiyva
   172 | D:1      | Reached ** piety under Jiyva
   594 | D:2      | Slain by a quokka

Illustrated notes

Levels and vault maps discovered:
D:1:      dpeg_arrival_tiny_i, layout_rooms, hellmonk_ecumenical_altar_lost_god
D:2:      layout_loops_ring, chequers_serial_rivers_small_a

Action                   || total
-------------------------++-------
Melee: Unarmed           ||     7
 Cast: Foxfire           ||    25
  Use: Scroll            ||     3
 Stab: Sleeping          ||     1
Armor: Robe              ||     2
Dodge: Dodged            ||     5

Table legend: (Time is in decaauts)
 A = Elapsed time spent in this place.
 B = Non-inter-level travel time spent in this place.
 C = Inter-level travel time spent in this place.
 D = Time resting spent in this place.
 E = Time spent auto-exploring this place.
 F = Levels seen in this place.
 G = Mean time per level.
                   A        B        C        D        E       F      G
               +--------+--------+--------+--------+--------+-----+--------+
         Total |    593 |    577 |     16 |      0 |    468 |   2 |  296.5 |
       Dungeon |    593 |    577 |     16 |      0 |    468 |   2 |  296.5 |
               +--------+--------+--------+--------+--------+-----+--------+

Top non-repeatable levels by time:
     D:1: 447 daAuts
     D:2: 145 daAuts
